 Dungeon Crawl Stone Soup version 0.20-a0-465-g6513c8f (webtiles) character file.

4204 Queen the Fencer (level 10, -9/77 HPs)
             Began as a Minotaur Fighter on Jan 12, 2017.
             Was a Believer of Trog.
             Mangled by a two-headed ogre
             ... wielding a +0 dire flail
              (21 damage)
             ... on level 8 of the Dungeon.
             The game lasted 00:22:56 (7611 turns).

Queen the Fencer (Minotaur Fighter)                 Turns: 7611, Time: 00:22:56

Health: -9/77      AC:  9    Str: 20    XL:     10   Next: 8%
Magic:  9/9        EV:  8    Int:  5    God:    Trog [**....]
Gold:   457        SH: 10    Dex: 14    Spells: 9/9 levels left

rFire  + + .     SeeInvis .     j - +1 falchion "Caylas" {slice, rN+}
rCold  x x .     Gourm    .     D - +4 ring mail
rNeg   + . .     Faith    .     c - +1 shield
rPois  .         Spirit   .     (helmet restricted)
rElec  .         Reflect  .     (no cloak)
rCorr  .         Harm     .     (no gloves)
MR     .....                    (no boots)
Stlth  +.........               y - amulet of regeneration
                                e - ring of fire
                                E - ring of fire

@: exhausted, slowed, very slow
A: retaliatory headbutt, horns 2
a: Berserk, Trog's Hand, Burn Spellbooks, Renounce Religion


You were on level 8 of the Dungeon.
You worshipped Trog.
Trog was pleased with you.
You were not hungry.

You visited 1 branch of the dungeon, and saw 8 of its levels.

You collected 457 gold pieces.

Inventory:

Hand Weapons
 j - the +1 falchion "Caylas" (weapon) {slice, rN+}
   (You found it on level 6 of the Dungeon)

   It inflicts extra damage upon your enemies.
   It protects you from negative energy.
 w - a cursed +6 scimitar
Missiles
 d - 10 tomahawks (quivered)
Armour
 c - a +1 shield (worn)
 D - a +4 ring mail (worn)
Jewellery
 e - a ring of fire (right hand)
 i - an uncursed ring of magical power
 r - an uncursed amulet of the gourmand
 y - an amulet of regeneration (around neck)
 C - a cursed -3 ring of evasion {unknown}
 E - a ring of fire (left hand)
Wands
 v - a wand of paralysis (24/24)
Scrolls
 k - 7 scrolls of remove curse
 l - a scroll of magic mapping
 m - a scroll of noise
 p - a scroll of fear
 s - 2 scrolls of enchant armour
 u - a scroll of brand weapon {unknown}
 x - 2 scrolls of recharging
Potions
 b - 3 potions of haste
 g - a potion of invisibility {unknown}
 o - 7 potions of curing
 t - a potion of cure mutation
 z - a potion of cancellation {unknown}
 A - a potion of brilliance {unknown}
 B - a potion of degeneration {unknown}
 G - a potion of heal wounds {unknown}
Books
 H - a book of Necromancy

   Spells                             Type                      Level
   a - Pain                           Necromancy                   1
   b - Animate Skeleton               Necromancy                   1
   c - Vampiric Draining              Necromancy                   3
   d - Regeneration                   Charms/Necromancy            3
   e - Animate Dead                   Necromancy                   4
   f - Control Undead                 Necromancy                   4
   Trog disapproves of the use of such an item.
Comestibles
 a - 11 chunks of flesh
 f - 4 bread rations
 h - 4 meat rations
 n - a slice of pizza
 q - 3 fruits
 F - a royal jelly


   Skills:
 - Level 3.6 Fighting
 + Level 16.3 Long Blades
 - Level 3.6 Armour
 - Level 3.6 Shields


You had 9 spell levels left.
You didn't know any spells.

Dungeon Overview and Level Annotations

Branches:
Dungeon (8/15)             Temple (0/1) D:4
   Lair: D:8-11

Altars:
Ashenzari
Cheibriados
Dithmenos
Elyvilon
Hepliaklqana
Okawaru
Ru
Trog
Uskayaw
Zin


Innate Abilities, Weirdness & Mutations

You reflexively headbutt those who attack you in melee.
You have a pair of horns on your head.


Message History

* * * LOW HITPOINT WARNING * * *
The two-headed ogre hits you with a giant club.
* * * LOW HITPOINT WARNING * * *
You feel a strong urge to attack something.
You feel your anger subside.
The two-headed ogre hits you but does no damage.
The two-headed ogre hits you with a giant club!!
* * * LOW HITPOINT WARNING * * *
You are no longer berserk.
You are exhausted.
You feel yourself slow down.
You closely miss the two-headed ogre.
The two-headed ogre is lightly wounded.
You block the two-headed ogre's attack. The two-headed ogre barely misses you.
The two-headed ogre closely misses you. You furiously retaliate!
You headbutt the two-headed ogre, but do no damage.
You block the two-headed ogre's attack.
There is a stone staircase leading down here.
The two-headed ogre hits you with a dire flail!!
You die...

#....###.........#.#
......##.........#.#
.........#.#######.#
...#.##.##.# #..#.#
##.#.# #...#
##..#######.
##.O@.......
#.#########. #.# #.#
#.# #.# #.# ...
##...


You could see a two-headed ogre.

Vanquished Creatures
  A centaur zombie (D:7)
  Psyche (D:8)
  The ghost of vogonpoet the Ruffian, an amateur TrCK of Xom (D:4)
  2 hellwings (D:7)
  A meliai zombie (D:7)
  Menkaure (D:5)
  A hornet zombie (D:8)
  A black bear (D:7)
  A phantom (D:6)
  An ogre (D:8)
  A centaur (D:8)
  2 bullfrogs
  A gnoll sergeant (D:8)
  A big kobold (D:8)
  A wyvern zombie (D:7)
  A scorpion (D:4)
  2 wights (D:6)
  3 howler monkeys (D:7)
  2 bullfrog zombies
  A crimson imp (D:8)
  2 jellies (D:6)
  A gnoll shaman (D:7)
  An orc priest (D:4)
  3 centaur skeletons
  3 hounds
  3 orc wizards (D:4)
  An iguana (D:4)
  5 worker ants
  A killer bee zombie (D:8)
  A worker ant zombie (D:6)
  10 gnolls
  15 adders
  A howler monkey skeleton (D:6)
  4 shadow imps
  An ooze (D:4)
  2 adder skeletons
  3 worms
  A dart slug (D:5)
  3 leopard geckos
  19 orcs
  6 bats
  5 giant cockroaches
  5 goblins
  9 hobgoblins
  9 jackals
  13 kobolds
  3 quokkas
  2 ball pythons
  7 frilled lizards
  A jackal zombie (D:7)
  15 rats
181 creatures vanquished.

Notes
Turn   | Place    | Note
-------+----------+-------------------------------------------
     0 | D:1      | Queen the Minotaur Fighter began the quest for the Orb.
     0 | D:1      | Reached XP level 1. HP: 19/19 MP: 0/0
    35 | D:1      | Reached skill level 3 in Long Blades
   231 | D:1      | Reached XP level 2. HP: 26/26 MP: 1/1
   686 | D:1      | Reached skill level 4 in Long Blades
   765 | D:2      | Reached XP level 3. HP: 29/31 MP: 2/2
   968 | D:2      | Reached skill level 5 in Long Blades
   976 | D:2      | Reached XP level 4. HP: 27/39 MP: 3/3
  1634 | D:3      | Found a bloodstained altar of Trog.
  1649 | D:3      | Found a shadowy altar of Dithmenos.
  1709 | D:3      | Reached skill level 6 in Long Blades
  1809 | D:3      | Reached XP level 5. HP: 34/45 MP: 4/4
  2282 | D:4      | Reached skill level 7 in Long Blades
  2419 | D:4      | Noticed vogonpoet's ghost (amateur TrCK)
  2427 | D:4      | HP: 1/45 [vogonpoet's ghost (12)]
  2658 | D:4      | Reached XP level 6. HP: 30/51 MP: 5/5
  2877 | D:4      | Found a shattered altar of Ashenzari.
  2898 | D:4      | Reached skill level 8 in Long Blades
  3312 | D:3      | Became a worshipper of Trog the Wrathful
  4033 | D:4      | Found a staircase to the Ecumenical Temple.
  4214 | D:4      | HP: 1/51 [vogonpoet's ghost (15)]
  4215 | D:5      | Entered Level 5 of the Dungeon
  4759 | D:5      | Reached skill level 9 in Long Blades
  4992 | D:4      | Killed vogonpoet's ghost
  4992 | D:4      | Reached skill level 10 in Long Blades
  4992 | D:4      | Reached XP level 7. HP: 29/57 MP: 6/6
  5121 | D:5      | Found a sacrificial altar of Ru.
  5224 | D:5      | Noticed Menkaure
  5235 | D:5      | Killed Menkaure
  5253 | D:5      | Found a glowing silver altar of Zin.
  5505 | D:5      | Reached skill level 11 in Long Blades
  5633 | D:6      | Found a hazy altar of Hepliaklqana.
  5783 | D:6      | Reached XP level 8. HP: 64/64 MP: 7/7
  5787 | D:6      | Got a dazzling falchion
  5788 | D:6      | Identified the cursed +1 falchion "Caylas" {slice, rN+} (You found it on level 6 of the Dungeon)
  5824 | D:6      | Reached * piety under Trog
  5937 | D:6      | Found a white marble altar of Elyvilon.
  6105 | D:6      | Reached skill level 12 in Long Blades
  6548 | D:7      | Noticed a hellwing
  6549 | D:7      | Noticed a hellwing
  6578 | D:7      | Killed a hellwing
  6578 | D:7      | Reached skill level 13 in Long Blades
  6582 | D:7      | Reached XP level 9. HP: 25/70 MP: 8/8
  6586 | D:7      | Reached skill level 14 in Long Blades
  6606 | D:7      | HP: 3/70 [gnoll shaman/whip (1)]
  6752 | D:7      | Found a snail-covered altar of Cheibriados.
  6755 | D:7      | Found a sacrificial altar of Ru.
  6756 | D:7      | Found a hide-covered altar of Uskayaw.
  6858 | D:7      | Reached skill level 15 in Long Blades
  6947 | D:7      | Killed a hellwing
  7178 | D:7      | Found an iron altar of Okawaru.
  7291 | D:8      | Reached ** piety under Trog
  7390 | D:8      | Found an iron altar of Okawaru.
  7469 | D:8      | Noticed Psyche
  7482 | D:8      | Killed Psyche
  7482 | D:8      | Reached skill level 16 in Long Blades
  7482 | D:8      | Reached XP level 10. HP: 50/77 MP: 9/9
  7595 | D:8      | Noticed a two-headed ogre
  7611 | D:8      | Mangled by a two-headed ogre

Vault maps used:
D:1:      scummos_arrival_simple_fountains
D:2:      minmay_misc_feat_nine_boxes, minivault_11,
          corexii_item_surrounded_by_moat
D:3:      minitemple, first_bread, minmay_randomly_rotated_circles
D:4:      lemuel_crystal_altar
D:5:      marbit_many_paths, nicolae_ru_sacrificial_ziggurat, uniq_menkaure
D:6:      elyvilon_altar_5, lemuel_crystal_altar, grunt_ministairs_10
D:7:      cheibrodos_grave_circle, grunt_temple_overflow_open, kennysheep_mini
D:8:      minivault_19, okawaru_trees_1, uniq_psyche

Skill      XL: |  1  2  3  4  5  6  7  8  9 |
---------------+----------------------------+-----
Long Blades    | 3 4 5 6 7 10 11 13 16 | 16.3
Fighting       | |  3.6
Armour         | |  3.6
Shields        | |  3.6

Action                   |  1- 3 |  4- 6 |  7- 9 | 10-12 || total
-------------------------+-------+-------+-------+-------++-------
Melee: Long sword        |   112 |   252 |    67 |       ||   431
       Headbutt          |    16 |    45 |    64 |    11 ||   136
       Falchion          |       |       |   219 |    38 ||   257
Invok: Berserk           |       |       |     3 |     1 ||     4
       Trog's Hand       |       |       |       |     1 ||     1
  Use: Potion            |       |     3 |       |       ||     3
       Scroll            |       |    10 |     8 |       ||    18
  Eat: Chunk             |       |     8 |     9 |     1 ||    18
       Meat ration       |       |     1 |       |       ||     1
       Beef jerky        |       |       |     1 |       ||     1
       Fruit             |       |       |     1 |       ||     1
Armor: Scale mail        |    34 |    84 |    17 |       ||   135
       Ring mail         |       |       |    69 |    13 ||    82
Dodge: Dodged            |    25 |    52 |    72 |    11 ||   160
Block: Shield            |    50 |   123 |   122 |    18 ||   313
       Rpst.: Long sword |     4 |    13 |     4 |       ||    21
       Falchion          |       |       |    16 |       ||    16
